 Dungeon Crawl Stone Soup version 0.20.1-1-g8b1a95d (webtiles) character file.

28 tidbits the Insei (level 2, 0/22 HPs)
             Began as a Demigod Transmuter on Aug 19, 2017.
             Slain by a hobgoblin
             ... wielding a +0 club
              (2 damage)
             ... on level 1 of the Dungeon.
             The game lasted 00:03:48 (358 turns).

tidbits the Insei (Demigod Transmuter)               Turns: 358, Time: 00:03:48

Health: 0/22       AC:  3    Str: 13    XL:     2   Next: 78%
Magic:  2/7        EV: 12    Int: 17    God:
Gold:   48         SH:  0    Dex: 16    Spells: 1/4 levels left

rFire    . . .     SeeInvis .     - Unarmed
rCold    . . .     Gourm    .   (no shield)
rNeg     . . .     Faith    .   b - +0 robe
rPois    .         Spirit   .   (no helmet)
rElec    .         Reflect  .   (no cloak)
rCorr    .         Harm     .   g - +0 pair of gloves
MR       .....                  (boots currently unavailable)
Stlth    +.........             (no amulet)
Regen    0.1/turn               (no ring)
MPRegen  0.1/turn               (no ring)

@: appendage
A: talons 3, high mp 1
a: End Transformation


You were on level 1 of the Dungeon.
You were not hungry.
You had grown temporary talons.
You visited 1 branch of the dungeon, and saw 2 of its levels.

You collected 48 gold pieces.

Inventory:

Missiles
 a - 7 arrows
 e - 15 stones (quivered)
Armour
 b - a +0 robe (worn)
 g - a +0 pair of gloves (worn)
Scrolls
 h - a scroll of remove curse {unknown}
 i - a scroll of identify {unknown}
Potions
 f - 2 potions of agility {unknown}
Books
 c - a book of Changes

   Spells                             Type                      Level
   a - Beastly Appendage              Transmutation                1
   b - Sticks to Snakes               Transmutation                2
   c - Spider Form                    Transmutation/Poison         3
   d - Ice Form                       Ice/Transmutation            4
   e - Blade Hands                    Transmutation                5
Comestibles
 d - a bread ration


   Skills:
 - Level 0.8 Fighting
 - Level 1.7 Dodging
 + Level 3.8 Unarmed Combat
 - Level 1.7 Spellcasting
 - Level 1.7 Transmutations


You had one spell level left.
You knew the following spells:

 Your Spells              Type           Power        Failure   Level  Hunger
e - Beastly Appendage     Tmut           #.....       10%         1    #......
k - Sticks to Snakes      Tmut           #.......     14%         2    ###....


Dungeon Overview and Level Annotations

Branches:
Dungeon (2/15)


Innate Abilities, Weirdness & Mutations

You have an increased reservoir of magic. (+10% MP)
You have claws for feet.


Message History

You hit the bat.
You kill the bat!
f - 2 amethyst potions (gained 1)
Your transformation is almost over.
Found a stone staircase leading up.
Found 12 gold pieces.
You now have 42 gold pieces (gained 12).
Your horns disappear.
There is a stone staircase leading up here.
There is a stone staircase leading up here.
You climb upwards.
There is a stone staircase leading down here.
Casting: Beastly Appendage
Confirm with . or Enter, or press ? or * to list all spells.
You grow a pair of large bovine horns.
You hit the bat.
You kill the bat!
A hobgoblin comes into view. It is wielding a club.
The hobgoblin shouts!
A kobold comes into view. It is wielding a dagger.
The hobgoblin closely misses you.
Casting: Beastly Appendage
Confirm with . or Enter, or press ? or * to list all spells.
You create a snake!
You now have 10 arrows.
The kobold throws a stone.
The stone hits you but does no damage.
The hobgoblin hits you but does no damage.
You hit the hobgoblin but do no damage. Your headbutt misses the hobgoblin.
Your transformation is almost over.
The kobold throws a stone.
The stone hits you but does no damage. The hobgoblin barely misses you.
Your ball python bites the hobgoblin but does no damage.
Your ball python barely misses the hobgoblin.
You closely miss the hobgoblin.
Your ball python barely misses the hobgoblin.
Your ball python grabs the hobgoblin.
Your ball python constricts the hobgoblin.
The hobgoblin hits you with a club.
* * * LOW HITPOINT WARNING * * *
You hit the hobgoblin.
The hobgoblin is severely wounded.
The kobold throws a stone.
The stone hits you.
* * * LOW HITPOINT WARNING * * *
Your ball python bites the hobgoblin.
Your ball python constricts the hobgoblin.
The hobgoblin dies!
The kobold throws a stone.
The stone barely misses you.
Casting: Sticks to Snakes
Confirm with . or Enter, or press ? or * to list all spells.
You create a snake!
You now have 9 arrows.
You swap places.
The kobold throws a stone.
The stone misses you. The kobold misses you.
You completely miss the kobold. The kobold hits you with a dagger.
* * * LOW HITPOINT WARNING * * *
You closely miss the kobold. Your headbutt misses the kobold.
Your horns disappear.
Your ball python barely misses the kobold.
Your ball python closely misses the kobold.
The kobold hits you but does no damage.
You hit the kobold but do no damage.
Your ball python bites the kobold but does no damage.
Your ball python closely misses the kobold.
The kobold hits you but does no damage.
You hit the kobold.
You kill the kobold!
e - 15 stones (gained 2) Autopickup is now off.
Things that are here:
a club; a hobgoblin corpse Your ball python withers and dies!
Found 6 gold pieces.
A goblin comes into view. It is wielding a club.
A hobgoblin comes into view. It is wielding a club.
Found a scale mail.
You see here 6 gold pieces.
You now have 48 gold pieces (gained 6).
The hobgoblin moves out of view.
Your ball python withers and dies!
The goblin closely misses you.
Casting: Sticks to Snakes
Confirm with . or Enter, or press ? or * to list all spells.
Your feet morph into talons.
Casting: Beastly Appendage
Confirm with . or Enter, or press ? or * to list all spells.
You create a snake!
You now have 8 arrows.
The goblin hits you but does no damage.
You punch the goblin!
You kill the goblin!
The hobgoblin hits your ball python with a club.
Your ball python dies!
Casting: Sticks to Snakes
Confirm with . or Enter, or press ? or * to list all spells.
You create a snake!
You now have 7 arrows.
The hobgoblin hits you with a club.
* * * LOW HITPOINT WARNING * * *
You closely miss the hobgoblin. You claw the hobgoblin.
The hobgoblin is moderately wounded.
The hobgoblin hits you with a club.
* * * LOW HITPOINT WARNING * * *
You closely miss the hobgoblin. Your kick misses the hobgoblin.
The hobgoblin is moderately wounded.
The hobgoblin hits you with a club.
You die...

...## #.#......##
.
......##..(######
.. ..........).#
... ..###.).....#
.... #######.#
..... #.#
......#### #.#
.........######S#
......##......g@#
..... ##########
...g ... [. #


You could see a hobgoblin and a friendly ball python.

Vanquished Creatures
  A ball python (D:2)
  3 bats
  3 jackals (D:2)
  2 kobolds (D:1)
  A quokka (D:2)
  3 goblins
  2 rats
15 creatures vanquished.

Vanquished Creatures (collateral kills)
  An adder (D:2)
  A goblin (D:2)
  A hobgoblin (D:1)
3 creatures vanquished.

Grand Total: 18 creatures vanquished

Notes
Turn   | Place    | Note
-------+----------+-------------------------------------------
     0 | D:1      | tidbits the Demigod Transmuter began the quest for the Orb.
     0 | D:1      | Reached XP level 1. HP: 15/15 MP: 5/5
   138 | D:2      | Reached skill level 3 in Unarmed Combat
   229 | D:2      | Reached XP level 2. HP: 18/22 MP: 4/7
   238 | D:2      | Learned a level 2 spell: Sticks to Snakes
   357 | D:1      | HP: 2/22 [hobgoblin/club (3)]
   358 | D:1      | Slain by a hobgoblin

Skill      XL: |  1 |
---------------+----+-----
Unarmed Combat | 3 |  3.8
Fighting       | |  0.8
Dodging        | |  1.7
Spellcasting   | |  1.7
Transmutations | |  1.7

Action                   || total
-------------------------++-------
Melee: Unarmed           ||    44
       Kick              ||     6
       Headbutt          ||     1
 Cast: Beastly Appendage ||    12
       Sticks to Snakes  ||     5
Armor: Robe              ||    11
Dodge: Dodged            ||    25

Table legend:
 A = Turns spent in this place as a percentage of turns spent in the entire game.
 B = Non-inter-level travel turns spent in this place as a percentage of non-inter-level travel turns spent in the entire game.
 C = Inter-level travel turns spent in this place as a percentage of turns spent in this place.
 D = Turns resting spent in this place as a percentage of non-inter-level travel turns spent in this place.
 E = Turns spent auto-exploring this place as a percentage of non-inter-level travel turns spent in this place.
 F = Non-inter-level travel turns spent in this place divided by the number of levels of this place that you've seen.
                   A       B       C       D       E      F
               +-------+-------+-------+-------+-------+----------------------
         Total | 100.0 | 100.0 |   0.0 |   0.0 |   0.0 | 174.5
       Dungeon | 100.0 | 100.0 |   0.0 |   0.0 |   0.0 | 174.5
               +-------+-------+-------+-------+-------+----------------------

Table legend:
 A = Kills in this place as a percentage of kills in entire the game.
 B = Kills by you in this place as a percentage of kills by you in the entire game.
 C = Kills by friends in this place as a percentage of kills by friends in the entire game.
 D = Other kills in this place as a percentage of other kills in the entire game.
 E = Experience gained in this place as a percentage of experience gained in the entire game.
 F = Experience gained in this place divided by the number of levels of this place that you have seen.
                   A       B       C       D       E      F
               +-------+-------+-------+-------+-------+----------------------
         Total | 100.0 | 100.0 | 100.0 |  -nan | 100.0 |  20.5
       Dungeon | 100.0 | 100.0 | 100.0 |  -nan | 100.0 |  20.5
               +-------+-------+-------+-------+-------+----------------------

Vault maps used:
D:1:      wheals_arrival_shading
D:2:      cheibriados_altar_1, first_bread, roderic_roman_lattice,
          xom_teletrap_fun
